 Dungeon Crawl Stone Soup version 0.28-a0-175-gb2089b6bb7 (webtiles) character file.

Game seed: 9600479884002650631

13 Nattfarinn the Caller (level 2, -1/20 HPs)
             Began as a Barachi Summoner on Aug 17, 2021.
             Succumbed to an adder's poison
             ... on level 1 of the Dungeon.
             The game lasted 00:02:51 (1558 turns).

Nattfarinn the Caller (Barachi Summoner)            Turns: 1558, Time: 00:02:51

Health: -1/20      AC:  2    Str:  9    XL:     2   Next: 37%
Magic:  1/5        EV: 12    Int: 15    God:
Gold:   85         SH:  0    Dex: 12    Spells: 4/5 levels left

rFire   . . .      SeeInvis .   (no weapon)
rCold   . . .      Faith    .   (no shield)
rNeg    . . .      Spirit   .   a - +0 robe
rPois   .          Reflect  .   (no helmet)
rElec   .          Harm     .   (no cloak)
rCorr   .          Rampage  .   (no gloves)
Will    .....                   (no boots)
Stlth   ++........              (no amulet)
HPRegen 0.06/turn               (no ring)
MPRegen 0.09/turn               (no ring)

@: lethally poisoned (-1 -> -6), unable to hop, slow
A: amphibious, slowness 1, strong legs 1, +LOS
a: Hop


You were on level 1 of the Dungeon.
You visited 1 branch of the dungeon, and saw 2 of its levels.

You collected 85 gold pieces.

Inventory:

Armour
 a - a +0 robe (worn)
Jewellery
 b - an amulet of faith
Scrolls
 d - a scroll of amnesia


   Skills:
 + Level 0.5 Fighting
 * Level 1.1 Armour
 + Level 2.3 Dodging
 - Level 1.7 Stealth
 + Level 2.4 Spellcasting
 * Level 5.0 Summonings


You had 4 spell levels left.
You knew the following spells:

 Your Spells              Type           Power      Damage    Failure   Level
a - Summon Small Mammal   Summ           64%        N/A       2%          1

Your spell library contained the following spells:

 Spells                   Type           Power      Damage    Failure   Level
 Call Imp                 Summ           16%        N/A       4%          2
 Call Canine Familiar     Summ           16%        N/A       9%          3
 Summon Guardian Golem    Hex/Summ       9%         N/A       22%         3
 Summon Lightning Spire   Summ/Air       9%         N/A       58%         4


Dungeon Overview and Level Annotations

Branches:
Dungeon (2/15)

Altars:


Innate Abilities, Weirdness & Mutations

You are amphibious.
You cover ground slowly.
You can hop short distances.
You have an extended range of vision and can be seen from far away.


Message History

The adder bites your quokka.
Your quokka dies!
Your quokka's corpse disappears in a puff of smoke!
Unknown command.
Unknown command.
Casting: Summon Small Mammal (safe; 2% risk of failure)
Confirm with . or Enter, or press ? or * to list all spells.
Your rat disappears in a puff of smoke!
The iguana closely misses you. The adder closely misses you.
Your quokka bites the adder.
The iguana completely misses you.
A frilled lizard comes into view.
The frilled lizard hisses angrily.
The adder barely misses you. The adder barely misses your quokka.
Your quokka closely misses the iguana.
The frilled lizard unfolds its giant frill.
The adder bites you.
Your quokka misses the iguana. The adder misses you.
There is a stone staircase leading up here.
The iguana bites you!
Ouch! That really hurt!
* * * LOW HITPOINT WARNING * * *
The adder closely misses you. The adder bites you but does no damage.
Your quokka misses the iguana.
You climb upwards.
There is a stone staircase leading down here.
Unknown command.
The adder barely misses you. The iguana barely misses you.
The adder barely misses you. The adder barely misses you.
Casting: Summon Small Mammal (safe; 2% risk of failure)
Confirm with . or Enter, or press ? or * to list all spells.
The adder bites you.
* * * LOW HITPOINT WARNING * * *
You are lethally poisoned!
The adder poisons you!
* * * LOW HITPOINT WARNING * * *
You feel sick. The adder closely misses you.
You swap places.
You die...

##### #...#####
#.#.....# ###
#..####.#
#.###......).
######...>........
#@bSSl......#.....
#.####.#..........
#.#......._.....#.
#.#...............
#.#####...........
#.................
#######..###.#.#..
####..............
#....#######.#....


You could see an iguana, 2 adders and a friendly bat (summoned).

Vanquished Creatures
  An endoplasm (D:1)
1 creature vanquished.

Vanquished Creatures (collateral kills)
  A bat (D:1)
  4 endoplasms (D:1)
  A giant cockroach (D:1)
  A goblin (D:2)
  3 hobgoblins (D:1)
  A quokka (D:1)
  3 ball pythons
  A frilled lizard (D:1)
  A kobold (D:1)
  2 rats (D:2)
18 creatures vanquished.

Grand Total: 19 creatures vanquished

Notes
Turn   | Place    | Note
-------+----------+-------------------------------------------
     0 | D:1      | Nattfarinn the Barachi Summoner began the quest for the
                  | Orb.
     0 | D:1      | Reached XP level 1. HP: 13/13 MP: 3/3
   746 | D:1      | Reached XP level 2. HP: 20/20 MP: 1/5
   856 | D:1      | Found a faded altar of an unknown god.
   877 | D:1      | Reached skill level 5 in Summonings
  1451 | D:2      | Reached skill level 1 in Armour
  1557 | D:1      | HP: 1/20 [poisoned by an adder]
  1558 | D:1      | Succumbed to an adder's poison

Illustrated notes

Levels and vault maps discovered:
D:1:      dpeg_arrival_arbitrary_a, layout_basic, basic_ecumenical_altar
D:2:      minmay_wonky_spiral, layout_basic, uniq_jessica

Skill      XL: |  1  2 |
---------------+-------+-----
Summonings     | 5 |  5.0
Armour         | 1 |  1.1
Fighting       | |  0.5
Dodging        | |  2.3
Stealth        | |  1.7
Spellcasting   | |  2.4

Action                   || total
-------------------------++-------
Melee: Unarmed           ||    13
 Cast: Summon Small Mamm ||    45
 Abil: Hop               ||     1
  Use: Potion            ||     4
       Scroll            ||     1
 Stab: Sleeping          ||     1
Armor: Robe              ||     9
Dodge: Dodged            ||    56

Table legend: (Time is in decaauts)
 A = Elapsed time spent in this place.
 B = Non-inter-level travel time spent in this place.
 C = Inter-level travel time spent in this place.
 D = Time resting spent in this place.
 E = Time spent auto-exploring this place.
 F = Levels seen in this place.
 G = Mean time per level.
                   A        B        C        D        E       F      G
               +--------+--------+--------+--------+--------+-----+--------+
         Total |   1718 |   1665 |     53 |      0 |   1366 |   2 |  859.0 |
       Dungeon |   1718 |   1665 |     53 |      0 |   1366 |   2 |  859.0 |
               +--------+--------+--------+--------+--------+-----+--------+

Top non-repeatable levels by time:
     D:1: 1487 daAuts
     D:2: 231 daAuts
